Map: Frozen Temple

Players

JuLiENNz

  • Race: Terran Terran

Gugaruz - Winner!

  • Race: Zerg Zerg
  • League: Diamond

VOD

Have the link to the VOD?

Description

Time

  • Played on: April 24, 2016, 2:57 p.m.
  • Length: 20:42
Show
View Real Time Build Order
Export as new Build Order

JuLiENNz Terran 

Build Orders: Reaper Expand, MMM Bio 

Get SALT Encoding   

  12  0:01  SCV  
  13  0:13  SCV  
  14  0:21  Supply Depot  
  14  0:25  SCV  
  15  0:42  SCV  
  16  0:44  Barracks  
  16  0:48  Refinery  
  16  0:54  SCV  
  17  1:06  SCV  
  18  1:19  SCV  
  19  1:31  Orbital Command  
  19  1:32  Reaper  
  20  1:43  Command Center  
  20  1:56  Supply Depot  
  20  2:03  SCV  
  20  2:06  Marine  
  22  2:15  SCV, Factory  
  23  2:21  Refinery  
  23  2:27  SCV  
  23  2:28  Barracks Reactor  
  24  2:31  Bunker  
  24  2:39  SCV  
  25  2:51  SCV  
  25  2:56  Orbital Command  
  26  3:00  Supply Depot  
  26  3:03  SCV  
  27  3:07  Marine x2  
  27  3:10  Starport, Widow Mine  
  31  3:19  SCV  
  32  3:25  SCV  
  33  3:27  Marine x2  
  33  3:31  SCV  
  35  3:43  Widow Mine  
  35  3:46  Medivac  
  39  3:50  SCV  
  39  3:51  SCV, Supply Depot  
  41  4:03  SCV x2  
  43  4:11  Command Center  
  43  4:13  Marine x2  
  43  4:15  SCV x2  
  47  4:31  SCV  
  47  4:32  SCV  
  47  4:33  Starport Reactor, Barracks  
  47  4:34  Factory Reactor  
  47  4:35  Barracks, Marine x2  
  51  4:39  Refinery  
  51  4:44  SCV x2  
  53  4:51  Engineering Bay x2  
  53  4:55  Marine x2  
  53  4:56  SCV x2  
  57  5:08  SCV x2  
  59  5:24  Marine  
  59  5:25  Barracks Tech Lab, Marine  
  61  5:36  Barracks Reactor  
  61  5:37  Widow Mine x2  
  61  5:38  Medivac x2  
  61  5:39  Orbital Command  
  69  5:48  Stimpack  
  69  5:49  Terran Infantry Weapons Level 1  
  67  5:50  Terran Infantry Armor Level 1  
  67  5:55  SCV x2  
  67  5:56  Marine x2  
  71  5:58  Barracks, Marauder  
  71  6:00  Barracks  
  73  6:05  Orbital Command  
  71  6:14  Marine x2  
  71  6:19  Marauder  
  71  6:23  Marine x2  
  75  6:32  Marine x2  
  77  6:34  Supply Depot  
  77  6:35  Supply Depot  
  77  6:36  Refinery  
  77  6:40  Missile Turret  
  77  6:42  Missile Turret  
  77  6:49  Barracks Reactor  
  77  6:50  Barracks Tech Lab  
  77  6:55  Widow Mine x2  
  77  6:56  SCV x2, Marine x4, Viking x2  
  77  6:57  Marauder  
  77  6:59  Bunker  
  89  7:17  SCV x3  
  89  7:18  Supply Depot, Marine  
  93  7:24  Armory  
  93  7:34  Combat Shields  
  93  7:39  SCV x2, Marine x4, Marauder  
  101  7:51  Supply Depot  
  101  8:03  Supply Depot  
  101  8:08  Missile Turret  
  101  8:13  SCV, Marine x5, Marauder  
  101  8:17  Supply Depot  
  109  8:24  SCV x2, Medivac x2  
  109  8:25  Marauder  
  117  8:29  Terran Infantry Weapons Level 2, Terran Infantry Armor Level 2  
  117  8:35  Refinery x2  
  117  8:37  Barracks  
  117  8:38  Widow Mine x2, Barracks  
  117  8:39  SCV x2, Marine x2  
  125  8:43  Concussive Shells  
  125  8:45  Terran Ship Weapons Level 1  
  125  9:15  Liberator  
  125  9:18  Liberator  
  125  9:23  SCV x2, Marine x5  
  125  9:24  Marauder x2  
  125  9:30  SCV, Marine  
  123  9:36  SCV  
  122  9:41  SCV, Marine x2  
  122  9:42  Marine x2  
  122  9:45  Barracks Reactor x2  
  125  9:46  Marine  
  125  9:53  Barracks x2  
  120  10:20  Starport  
  120  10:22  Supply Depot  
  120  10:23  Supply Depot  
  120  10:24  Supply Depot  
  120  10:26  SCV, Marine x8, Marauder  
  120  10:27  Marauder  
  120  10:28  Supply Depot  
  133  10:29  Liberator x2  
  133  10:41  Barracks Reactor  
  133  10:43  Widow Mine x2, Marine x2  
  133  10:44  Marine x2  
  133  10:45  Marine x6  
  133  10:48  Marauder x2  
  157  10:50  Barracks Reactor  
  157  10:58  Supply Depot  
  157  11:01  Marine x4  
  157  11:02  Starport Reactor, Marine x4  
  157  11:03  Supply Depot  
  157  11:04  Supply Depot  
  165  11:19  Widow Mine  
  165  11:20  Marine x4, Marauder  
  165  11:24  Widow Mine, Marine x3  
  165  11:25  Marauder  
  151  11:37  Marine x3  
  151  11:38  Marine x6  
  125  11:42  Marauder  
  125  11:43  Marine x3  
  125  11:44  Marine x2  
  125  11:46  Marauder  
  108  11:55  Marine x4  
  108  11:56  Marine  
  106  12:03  Marauder  
  106  12:06  Marine x7  
  106  12:07  Marine  
  106  12:08  Marauder  
  116  12:12  Marine  
  116  12:13  Marine x2  
  119  12:18  Marine x3  
  122  12:23  Marine x2  
  122  12:24  Marauder  
  122  12:25  Marine  
  122  12:29  Marauder  
  129  12:36  Marine x3  
  129  12:37  Marine x7  
  132  12:38  Marine  
  132  12:42  Liberator  
  140  12:46  Marauder  
  141  12:52  Terran Infantry Armor Level 3, Terran Infantry Weapons Level 3  
  141  12:53  Terran Ship Weapons Level 2  
  141  12:58  Medivac x2  
  145  13:03  Marine  
  145  13:04  Marine x6  
  155  13:37  Marine x2  
  155  13:38  Marine  
  153  13:52  Liberator  
  153  13:53  Liberator x3  
  101  14:11  Marauder x2  
  101  14:12  Marine x3  
  117  14:28  Starport  
  117  14:33  Marauder x2  
  117  14:35  Liberator x2  
  114  14:51  Marine  
  115  14:53  Viking  
  115  14:54  Marauder x2  
  98  15:10  Marine x3  
  98  15:13  Marine  
  102  15:16  Marauder x2  
  106  15:43  Orbital Command  
  106  15:44  Starport Reactor  
  106  15:47  Starport Tech Lab  
  106  16:09  Banshee  
  111  16:42  Marauder  
  111  16:52  Banshee  
  114  16:59  Marine x2  
  114  17:00  Marine x4  
  120  17:03  Banshee, Marauder  
  125  17:24  Marauder  
  87  17:46  Marauder  
  82  17:54  Orbital Command  
  82  17:58  Banshee  
  82  18:02  Viking x2  
  85  18:07  Marauder  
  71  18:31  Cloaking Field  
  68  18:46  Viking x2  
  68  18:47  Banshee  
  75  18:58  Marine x7  
  75  18:59  Marine x3  
  73  19:16  Viking x2  
  74  19:17  Marine x2  
  76  19:30  Viking  
  78  19:43  Orbital Command  
  78  19:44  Marine x3, Marauder  
  78  19:45  Marine  
  84  19:46  Viking x2  
  88  20:06  Marauder  
Show
View Real Time Build Order
Export as new Build Order

Gugaruz Zerg - Winner!

Build Orders: Hatch First, Muta Ling Bane 

Get SALT Encoding   

  12  0:00  Drone  
  13  0:13  Overlord  
  13  0:18  Drone  
  14  0:23  Extractor  
  14  0:24  Drone  
  15  0:31  Drone  
  15  0:35  Drone  
  17  0:54  Hatchery  
  17  0:56  Drone  
  17  0:59  Extractor  
  17  1:01  Drone  
  17  1:16  Spawning Pool  
  16  1:19  Drone  
  16  1:22  Drone  
  18  1:28  Drone  
  19  1:39  Overlord  
  19  1:50  Drone  
  20  2:01  Drone  
  20  2:04  Metabolic Boost  
  21  2:10  Queen x2  
  21  2:12  Zergling x2  
  26  2:16  Zergling x2  
  26  2:20  Drone  
  28  2:23  Drone  
  29  2:34  Drone x2  
  31  2:41  Spore Crawler  
  29  2:48  Queen  
  32  2:55  Queen  
  32  2:57  Overlord  
  34  3:11  Drone  
  34  3:12  Drone  
  36  3:13  Hatchery  
  36  3:20  Drone  
  36  3:24  Drone x2  
  36  3:25  Drone x3  
  41  3:32  Baneling Nest  
  40  3:46  Drone x3, Extractor  
  40  3:47  Drone x2  
  40  3:48  Extractor  
  43  3:57  Extractor  
  43  3:59  Lair  
  43  4:01  Drone  
  43  4:02  Drone  
  44  4:03  Overlord  
  44  4:19  Overlord x2  
  43  4:26  Drone x2  
  43  4:27  Drone x5  
  50  4:39  Evolution Chamber  
  50  4:42  Drone x4  
  50  4:43  Evolution Chamber  
  50  4:45  Drone  
  53  5:03  Drone x6  
  59  5:16  Spore Crawler  
  58  5:28  Spore Crawler  
  58  5:35  Spine Crawler  
  56  5:38  Spine Crawler  
  55  5:47  Drone x2  
  55  5:48  Drone  
  57  5:54  Overseer  
  57  6:10  Spore Crawler  
  56  6:15  Queen  
  58  6:19  Drone x2  
  58  6:20  Drone x6  
  58  6:21  Centrifical Hooks  
  58  6:23  Zerg Melee Weapons Level 1  
  58  6:24  Zerg Ground Armor Level 1  
  66  6:38  Spire  
  66  6:39  Zergling x2  
  66  6:40  Zergling x14  
  66  6:46  Burrow  
  73  6:54  Overseer  
  73  6:57  Overlord x2  
  73  6:58  Overlord x3, Extractor x2  
  65  7:16  Zergling x4  
  65  7:17  Zergling x14  
  74  7:25  Drone x3  
  74  7:26  Drone  
  78  7:32  Drone x4  
  78  7:33  Drone x2  
  84  7:43  Hatchery  
  83  7:58  Drone x4  
  84  7:59  Drone x2  
  84  8:01  Mutalisk x8  
  105  8:08  Overlord x3  
  105  8:18  Baneling x6  
  105  8:19  Baneling x5  
  105  8:24  Zerg Melee Weapons Level 2  
  105  8:27  Infestation Pit  
  105  8:29  Zerg Flyer Armor Level 1  
  105  8:32  Zerg Ground Armor Level 2  
  104  8:42  Zergling x2  
  104  8:43  Zergling x14  
  112  8:56  Queen  
  112  8:58  Overlord x3  
  103  9:40  Zergling x26  
  103  9:41  Zergling x20  
  103  9:43  Baneling x5  
  103  9:44  Baneling  
  119  10:15  Pneumatized Carapace, Hive  
  119  10:20  Zergling x2  
  119  10:21  Zergling x28  
  134  10:34  Mutalisk x4  
  134  10:35  Mutalisk x2  
  146  10:42  Drone x3, Spine Crawler x3  
  147  10:46  Hatchery  
  145  11:02  Overlord x3  
  132  11:36  Extractor  
  132  11:37  Extractor  
  118  11:41  Zergling x2  
  118  11:42  Zergling x46  
  138  11:48  Ultralisk Cavern  
  117  12:13  Zerg Melee Weapons Level 3  
  117  12:14  Zerg Ground Armor Level 3  
  117  12:34  Chitinous Plating  
  117  12:36  Ultralisk  
  135  12:37  Ultralisk x8  
  171  12:50  Baneling x10  
  171  12:51  Baneling x5, Zergling x2  
  171  12:52  Zergling x4  
  171  12:55  Overlord x2  
  174  13:15  Drone x4  
  178  13:20  Adrenal Glands  
  164  13:39  Zergling x8  
  164  13:40  Zergling x38  
  178  13:50  Spore Crawler  
  178  13:51  Spore Crawler  
  178  13:55  Spore Crawler  
  135  14:10  Zergling x2  
  135  14:11  Zergling x28  
  135  14:13  Queen  
  158  14:38  Zergling x6, Ultralisk x2  
  158  14:39  Zergling x8, Ultralisk  
  156  15:13  Viper  
  156  15:14  Viper x4  
  144  15:20  Drone x2  
  144  15:21  Drone x4  
  165  15:29  Zergling x2  
  165  15:30  Zergling x14  
  165  15:31  Zergling x2  
  174  15:42  Spore Crawler  
  171  15:44  Spore Crawler  
  171  15:45  Spore Crawler  
  169  15:57  Extractor x2  
  167  16:09  Zergling x2, Spore Crawler  
  167  16:10  Zergling x10, Ultralisk x3  
  167  16:11  Spore Crawler  
  189  16:13  Spore Crawler  
  188  16:32  Queen  
  190  16:46  Hatchery  
  160  17:47  Corruptor  
  160  17:48  Corruptor x9  
  168  18:06  Zergling x6, Ultralisk x2  
  168  18:07  Zergling x2, Ultralisk x2  
  168  18:08  Zergling x2  
  189  18:35  Extractor  
  189  18:36  Extractor  
  187  18:44  Greater Spire  
  183  19:21  Corruptor x6  
  193  20:20  Zergling x16  
  193  20:21  Zergling x6  
Tags
 
Add a new tag
Caveats
  • Supply blocks, unpowered buildings, or Contaminate may cause inaccurate times.
  • Supply counts are checked every 10 seconds.